 Dungeon Crawl Stone Soup version 0.26-a0-1021-gda264ca44c (webtiles) character file.

Game seed: 16353820243838382398

1635 quinnr the Conjurer (level 8, 0/54 HPs)
             Began as an Octopode Conjurer on Dec 8, 2020.
             Slain by Grinder (2 damage)
             ... while paralysed by Grinder
             ... on level 5 of the Dungeon.
             The game lasted 00:21:04 (6832 turns).

quinnr the Conjurer (Octopode Conjurer)             Turns: 6832, Time: 00:21:05

Health: 0/54       AC:  1    Str:  7    XL:     8   Next: 98%
Magic:  3/14       EV:  2    Int: 22    God:
Gold:   144        SH:  0    Dex: 10    Spells: 9/15 levels left

rFire    + . .     SeeInvis .   c - +0 short sword (speed)
rCold    + . .     Faith    .   (no shield)
rNeg     . . .     Spirit   .   (helmet restricted)
rPois    +         Reflect  .   (no amulet)
rElec    +         Harm     .   m - ring of poison resistance
rCorr    +         Rampage  .   (no ring)
Will     .....                  (no ring)
Stlth    +++.......             (no ring)
HPRegen  0.18/turn              (no ring)
MPRegen  0.14/turn              (no ring)
                                (no ring)
                                (no ring)

@: paralysed, resistant
A: almost no armour, stealthy swim, amphibious, 8 rings, constrict 8, camouflage
1, gelatinous body 1
a: no special abilities


You were on level 5 of the Dungeon.
You visited 1 branch of the dungeon, and saw 5 of its levels.

You collected 270 gold pieces.
You spent 126 gold pieces at shops.

Inventory:

Hand Weapons
 c - a +0 short sword of speed (weapon)
Missiles
 b - 151 stones (quivered)
Jewellery
 m - a ring of poison resistance (left tentacle)
Wands
 i - a wand of flame (18)
Scrolls
 f - 8 scrolls of teleportation
 g - 2 scrolls of immolation
 j - 2 scrolls of enchant weapon
 l - 2 scrolls of remove curse
 n - 2 scrolls of identify
 o - a scroll of noise
Potions
 a - 4 potions of curing
 e - 2 potions of flight
 h - a potion of cancellation
 k - a potion of might
 p - a potion of heal wounds


   Skills:
 - Level 4.0 Fighting
 - Level 2.0 Short Blades
 - Level 4.0 Dodging
 - Level 3.0 Stealth
 + Level 4.2 Spellcasting
 + Level 7.1 Conjurations
 - Level 4.0 Hexes
 - Level 4.0 Evocations


You had 9 spell levels left.
You knew the following spells:

 Your Spells              Type           Power        Failure   Level
a - Magic Dart            Conj           ####         1%          1
b - Searing Ray           Conj           #####.       1%          2
c - Dazzling Flash        Conj/Hex       ####..       3%          3

Your spell library contained the following spells:

 Spells                   Type           Power        Failure   Level
 Fulminant Prism          Conj/Hex       ####......   11%         4
 Iskenderun's Mystic Bla  Conj/Tloc      ###.....     26%         4


Dungeon Overview and Level Annotations

Branches:
Dungeon (5/15)
 Temple: D:4-7

Altars:
Fedhas
Gozag
Ru
Sif Muna
The Shining One

Shops:
D:4 ?

Annotations:
D:5 Grinder


Innate Abilities, Weirdness & Mutations

You cannot wear most types of armour.
You are very stealthy in the water. (Stealth+)
You are amphibious.
You can wear up to eight rings at the same time.
You can use your tentacles to constrict eight enemies at once.
Your skin changes colour to match your surroundings (Stealth+).
Your rubbery body absorbs attacks. (AC +1, EV +1)


Message History

Grinder hits you.
You barely miss Grinder. You squeeze Grinder.
Grinder is heavily wounded.
You constrict Grinder. You hit Grinder.
Grinder is heavily wounded.
You constrict Grinder. Grinder barely misses you.
You hit Grinder but do no damage.
Grinder is severely wounded.
You constrict Grinder. Grinder gestures at you.
You suddenly lose the ability to move!
You lose your grip on Grinder.
Grinder hits you.
You writhe in agony.
Grinder completely misses you.
Grinder is no longer blind.
Grinder hits you!
You writhe in agony.
* * * LOW HITPOINT WARNING * * *
Grinder hits you!
* * * LOW HITPOINT WARNING * * *
You writhe in agony.
You die...

......#'...###.#....# ...........
####.#.#...# #.#..### ..........#
####..#.#'## #.#..####..........#
.....#.#.#.# #.#................#
#.#.#.#.#.#.##.##'########......#
.#.#.#.#.#.....................##
#.#.#.#.#.#.##......######....)#
.#.#.#.#.#...#.5....# #.....# ..#
#.#.#.##.#..@.### #.....# ..
#'#.#+#.#....##### #.....# .
................# #.....#
...............# ##.####
..............# #)#
......##.##### #.# ....#. #.# #.#
....#. #.# #.....! .. #.# #......


You could see Grinder.

Vanquished Creatures
  Pikel (D:5)
  Duvessa (D:4)
  2 phantoms (D:4)
  An ogre (D:4)
  3 lemures (D:5)
  Dowan (D:4)
  2 howler monkeys
  2 hounds (D:4)
  3 orc priests
  3 orc wizards
  2 bullfrog skeletons
  A centaur skeleton (D:5)
  2 iguanas (D:5)
  4 worker ants
  Robin (D:3)
  A gnoll (D:5)
  9 adders
  A shadow imp (D:5)
  An ooze (D:1)
  3 worms
  3 dart slugs (D:1)
  2 leopard geckos
  3 orcs
  2 ball pythons
  2 giant cockroaches
  16 goblins
  8 hobgoblins
  3 jackals (D:3)
  A quokka (D:4)
  9 bats
  7 frilled lizards
  A jackal skeleton (D:4)
  12 kobolds
  10 rats
123 creatures vanquished.

Notes
Turn   | Place    | Note
-------+----------+-------------------------------------------
     0 | D:1      | quinnr the Octopode Conjurer began the quest for the Orb.
     0 | D:1      | Reached XP level 1. HP: 11/11 MP: 3/3
   126 | D:1      | Reached XP level 2. HP: 12/17 MP: 0/5
   311 | D:1      | Learned a level 2 spell: Searing Ray
   854 | D:1      | Reached XP level 3. HP: 21/21 MP: 6/6
   992 | D:1      | Reached skill level 5 in Conjurations
  1121 | D:1      | Learned a level 3 spell: Dazzling Flash
  2298 | D:2      | Found a blossoming altar of Fedhas.
  2309 | D:2      | Reached XP level 4. HP: 27/27 MP: 3/7
  2433 | D:2      | quinnr: !whichgod OcCo
  2433 | D:2      | beem: No keyword 'OcCo'
  2433 | D:2      | quinnr: !whichgod OcCj
  2433 | D:2      | beem: No keyword 'OcCj'
  2433 | D:2      | quinnr: ??octopode
  2433 | D:2      | beem: octopode[1/6]: Player species which can equip 8
                  | rings, amulet, a shield, and a hat (no helmets), but no
                  | other armour. Wields items normally, and also has
                  | constricting tentacle attacks. Has {camouflage} for added
                  | stealth.
  2433 | D:2      | quinnr: ??race
  2433 | D:2      | beem: race list[1/1]: Current races: Ba Ce DD DE Dg Dr Ds
                  | Fe Fo Gh Gn Gr Ha HO Hu Ko Mf Mi Mu Na Og Op Sp Te Tr Vp VS
  2433 | D:2      | quinnr: !whichgod OpFE
  2433 | D:2      | beem: 17 recent wins for OpFE: 6x Sif Muna, 5x Vehumet, 4x
                  | Gozag, Nemelex Xobeh, Okawaru
  2433 | D:2      | quinnr: !whichgod OpCj
  2433 | D:2      | beem: 17 recent wins for OpCj: 4x Vehumet, 3x Ashenzari, 3x
                  | Gozag, 3x Okawaru, Makhleb, Elyvilon, Ru, Hepliaklqana
  2508 | D:2      | Reached skill level 1 in Hexes
  2974 | D:3      | Reached XP level 5. HP: 19/31 MP: 4/9
  3290 | D:3      | Reached skill level 1 in Fighting
  3851 | D:3      | Reached XP level 6. HP: 38/38 MP: 7/10
  3953 | D:3      | Noticed Robin
  3957 | D:3      | Killed Robin
  4546 | D:4      | Found a glowing golden altar of the Shining One.
  4546 | D:4      | Found a shimmering blue altar of Sif Muna.
  4579 | D:4      | Noticed Duvessa
  4650 | D:4      | Noticed Dowan
  4659 | D:4      | Reached skill level 6 in Conjurations
  4668 | D:4      | Killed Duvessa
  4669 | D:4      | Reached XP level 7. HP: 36/43 MP: 1/11
  4674 | D:4      | Killed Dowan
  4894 | D:4      | Found Duinaf's Magic Scroll Shoppe.
  4899 | D:4      | Bought a scroll of identify for 24 gold pieces
  4899 | D:4      | Bought a scroll of identify for 24 gold pieces
  4899 | D:4      | Bought a scroll of identify for 24 gold pieces
  4899 | D:4      | Bought a scroll of noise for 12 gold pieces
  4899 | D:4      | Bought a scroll of immolation for 42 gold pieces
  4922 | D:4      | Reached skill level 1 in Short Blades
  5187 | D:4      | Found an opulent altar of Gozag.
  5734 | D:4      | Reached XP level 8. HP: 48/48 MP: 7/13
  5921 | D:5      | Entered Level 5 of the Dungeon
  6018 | D:4      | Reached skill level 1 in Evocations
  6173 | D:5      | Found a sacrificial altar of Ru.
  6359 | D:5      | Noticed Pikel
  6380 | D:5      | Killed Pikel
  6684 | D:5      | Reached skill level 7 in Conjurations
  6808 | D:5      | Noticed Grinder
  6810 | D:5      | Paralysed by Grinder for 6 turns
  6828 | D:5      | Paralysed by Grinder for 4 turns
  6832 | D:5      | HP: 2/54 [Grinder (10)]
  6832 | D:5      | Slain by Grinder

Illustrated notes

Levels and vault maps discovered:
D:1:      dpeg_arrival_rhombi, layout_loops_corners
D:2:      layout_basic, lemuel_crystal_altar
D:3:      layout_loops_ring, kennysheep_generic_room_3, uniq_robin
D:4:      layout_basic, chequers_temple_overflow_statue_of_worship,
          grunt_gozag_breadcrumbs, serial_shops, kennysheep_little_box,
          hangedman_feature_mirror, uniq_duvessa
D:5:      layout_basic, lemuel_crystal_altar, minmay_diced_spiral, uniq_pikel,
          uniq_grinder

Skill      XL: |  1  2  3  4  5  6  7  8 |
---------------+-------------------------+-----
Conjurations   | 5 6 7 |  7.1
Stealth        | 3 |  3.0
Hexes          | 1 2 3 4 |  4.0
Spellcasting   | 3 4 |  4.2
Fighting       | 1 4 |  4.0
Dodging        | 3 4 |  4.0
Short Blades   | 2 |  2.0
Evocations     | 4 |  4.0

Action                   |  1- 3 |  4- 6 |  7- 9 || total
-------------------------+-------+-------+-------++-------
Melee: Unarmed           |    16 |     7 |       ||    23
       Tentacles         |     1 |     1 |     6 ||     8
       Constrict         |     4 |     2 |     5 ||    11
       Short sword       |       |       |    38 ||    38
Throw: Stone             |       |     1 |     3 ||     4
 Cast: Magic Dart        |    64 |    96 |   116 ||   276
       Searing Ray       |     4 |     8 |     8 ||    20
       Dazzling Flash    |       |     1 |     3 ||     4
  Use: Scroll            |       |     5 |     3 ||     8
       Potion            |       |     3 |     1 ||     4
Armor: Skin              |     4 |     1 |     5 ||    10
Dodge: Dodged            |    20 |    25 |    46 ||    91

Table legend: (Time is in decaauts)
 A = Elapsed time spent in this place.
 B = Non-inter-level travel time spent in this place.
 C = Inter-level travel time spent in this place.
 D = Time resting spent in this place.
 E = Time spent auto-exploring this place.
 F = Levels seen in this place.
 G = Mean time per level.
                   A        B        C        D        E       F      G
               +--------+--------+--------+--------+--------+-----+--------+
         Total |   6820 |   6706 |    114 |   1838 |   3857 |   5 | 1364.0 |
       Dungeon |   6820 |   6706 |    114 |   1838 |   3857 |   5 | 1364.0 |
               +--------+--------+--------+--------+--------+-----+--------+

Top non-repeatable levels by time:
     D:4: 1753 daAuts
     D:1: 1658 daAuts
     D:3: 1577 daAuts
     D:2: 1249 daAuts
     D:5: 582 daAuts
